 Dungeon Crawl Stone Soup version 0.28-a0-1365-g7e0445c96d (webtiles) character file.

Game seed: 13513162712295804447

17 ChaosChampion the Insei (level 2, -5/18 HPs)
             Began as an Octopode Transmuter on Dec 31, 2021.
             Slain by a kobold (6 damage)
             ... on level 1 of the Dungeon.
             The game lasted 00:00:43 (855 turns).

ChaosChampion the Insei (Octopode Transmuter)        Turns: 855, Time: 00:00:44

Health: -5/18      AC:  1    Str:  9    XL:     2   Next: 62%
Magic:  5/5        EV: 13    Int: 15    God:
Gold:   21         SH:  0    Dex: 12    Spells: 4/5 levels left

rFire   . . .      SeeInvis .     - Unarmed
rCold   . . .      Faith    .   (no shield)
rNeg    . . .      Spirit   .   (helmet restricted)
rPois   .          Reflect  .   (no amulet)
rElec   .          Harm     .   (no ring)
rCorr   .          Rampage  .   (no ring)
Will    .....                   (no ring)
Stlth   ++........              (no ring)
HPRegen 0.06/turn               (no ring)
MPRegen 0.09/turn               (no ring)
                                (no ring)
                                (no ring)

@: lethally poisoned (-5 -> -8)
A: almost no armour, amphibious, 8 rings, camouflage 1, gelatinous body 1,
(nimble swimmer 1), tentacles
a: no special abilities


You were on level 1 of the Dungeon.
You visited 1 branch of the dungeon, and saw 1 of its levels.

You collected 21 gold pieces.

You aren't carrying anything.


   Skills:
 + Level 1.3 Fighting
 + Level 2.2 Dodging
 * Level 3.3 Unarmed Combat
 - Level 2.0 Spellcasting
 + Level 2.2 Transmutations


You had 4 spell levels left.
You knew the following spells:

 Your Spells              Type           Power      Damage    Failure   Level
a - Beastly Appendage     Tmut           16%        N/A       9%          1

Your spell library contained the following spells:

 Spells                   Type           Power      Damage    Failure   Level
 Wereblood                Tmut           8%         N/A       14%         2
 Spider Form              Tmut/Pois      4%         N/A       38%         3
 Ice Form                 Ice/Tmut       4%         N/A       80%         4


Dungeon Overview and Level Annotations

Branches:
Dungeon (1/15)

Altars:


Innate Abilities, Weirdness & Mutations

You cannot wear most types of armour.
You are amphibious.
You can wear up to eight rings at the same time.
Your skin changes colour to match your surroundings (Stealth+).
Your rubbery body absorbs attacks. (AC +1, EV +1)
((You are camouflaged when in or above water. (Stealth+)))
You have tentacles for arms and can constrict up to eight enemies at once.


Message History

You tentacle-slap the hobgoblin but do no damage.
You grab the hobgoblin.
The hobgoblin is heavily wounded.
You constrict the hobgoblin. The hobgoblin hits you.
Your magical contamination has completely faded away.
You tentacle-slap the hobgoblin but do no damage.
The hobgoblin is severely wounded.
You constrict the hobgoblin. The hobgoblin hits you.
You are too injured to fight recklessly!
You are too injured to fight recklessly!
You are too injured to fight recklessly!
You are too injured to fight recklessly!
You are too injured to fight recklessly!
You are too injured to fight recklessly!
You are too injured to fight recklessly!
You are too injured to fight recklessly!
You are too injured to fight recklessly!
You barely miss the hobgoblin. Your squeeze misses the hobgoblin.
The hobgoblin is almost dead.
You constrict the hobgoblin, but do no damage.
The hobgoblin misses you. The kobold hits you but does no damage.
You are lethally poisoned!
You release your grip on the hobgoblin.
You feel very sick.
* * * LOW HITPOINT WARNING * * *
You feel sick.
* * * LOW HITPOINT WARNING * * *
You feel sick.
* * * LOW HITPOINT WARNING * * *
You feel sick.
You aren't carrying any potions.
You aren't carrying any scrolls.
You aren't carrying any potions.
Unknown command.
You barely miss the kobold. You grab the kobold.
You constrict the kobold, but do no damage.
* * * LOW HITPOINT WARNING * * *
You feel sick.
The kobold hits you with a +2 short sword of venom.
You die...

##....................#
#....................
#..#...............#.#
##..#.#...#.........#.#..
........................
........................
##............#g###.#.#..
##.##..........K###.#.#.#
.........####.##@.....#.#####
............#. #......#.....#
##.##....##.# #......#.....#
##.# ..#.##.# ####.#.#.....##.
.รท.##..#.##.#.#####.#.#........
#####..#.##.#.................#
#..#.##.###########..####.
#####..#.##.###.###.#.....###
.(.....#.##.................#


You could see a hobgoblin and a kobold.

Vanquished Creatures
  An endoplasm (D:1)
  4 giant cockroaches (D:1)
  A goblin (D:1)
  2 hobgoblins (D:1)
  2 kobolds (D:1)
  2 ball pythons (D:1)
  3 rats (D:1)
15 creatures vanquished.

Notes
Turn   | Place    | Note
-------+----------+-------------------------------------------
     0 | D:1      | ChaosChampion the Octopode Transmuter began the quest for
                  | the Orb.
     0 | D:1      | Reached XP level 1. HP: 13/13 MP: 3/3
   383 | D:1      | Reached XP level 2. HP: 14/18 MP: 5/5
   855 | D:1      | Slain by a kobold

Illustrated notes

Levels and vault maps discovered:
D:1:      dpeg_arrival_arbitrary_b, layout_basic

Action                   || total
-------------------------++-------
Melee: Unarmed           ||    35
       Constrict         ||    10
       Tentacles         ||     5
       Kick              ||     3
 Cast: Beastly Appendage ||     6
 Stab: Sleeping          ||     3
Armor: Skin              ||     3
Dodge: Dodged            ||    11

Table legend: (Time is in decaauts)
 A = Elapsed time spent in this place.
 B = Non-inter-level travel time spent in this place.
 C = Inter-level travel time spent in this place.
 D = Time resting spent in this place.
 E = Time spent auto-exploring this place.
 F = Levels seen in this place.
 G = Mean time per level.
                   A        B        C        D        E       F      G
               +--------+--------+--------+--------+--------+-----+--------+
         Total |    852 |    852 |      0 |    182 |    567 |   1 |  852.0 |
       Dungeon |    852 |    852 |      0 |    182 |    567 |   1 |  852.0 |
               +--------+--------+--------+--------+--------+-----+--------+

Top non-repeatable levels by time:
     D:1: 852 daAuts
